[ PARTIDA AOE2 · #481346874 ]
UnrankedJemeres vs Bohemians
Equipo del jugador · DERR
[ ANÁLISIS DE REPETICIÓN · EXTRAÍDO DE LA PARTIDA GRABADA ]
Feudal
10:12
Castillos
13:34
Imperial
28:05
| APM promedio | 18.7 |
| APM pico | 59 |
| eAPM promedio | 14.1 |
| Aldeanos / militares | 178 / 3 |
Foco
⚔️ 25.0% · 🌾 75.0%
Unknown (3341) ×217 · Trade Cart ×68 · Unknown (7376) ×5 · Monk ×3 · Unknown (3645) ×3 · Unknown (3642) ×2
Feudal
12:10
Castillos
15:20
Imperial
32:34
| APM promedio | 13.4 |
| APM pico | 66 |
| eAPM promedio | 9.4 |
| Aldeanos / militares | 208 / 0 |
Foco
⚔️ 28.9% · 🌾 71.1%
Unknown (7831) ×403 · Unknown (7377) ×132 · Trade Cart ×15 · Unknown (3640) ×1 · Unknown (3641) ×1 · Unknown (3642) ×1
Feudal
12:37
Castillos
22:45
Imperial
29:57
| APM promedio | 12.8 |
| APM pico | 167 |
| eAPM promedio | 11.4 |
| Aldeanos / militares | 235 / 5 |
Foco
⚔️ 21.5% · 🌾 78.5%
Unknown (7361) ×168 · Unknown (7377) ×113 · Unknown (7376) ×26 · Unknown (7329) ×13 · Monk ×5 · Unknown (3644) ×2
Feudal
13:04
Castillos
17:00
Imperial
32:09
| APM promedio | 17.8 |
| APM pico | 98 |
| eAPM promedio | 14.7 |
| Aldeanos / militares | 224 / 0 |
Foco
⚔️ 26.6% · 🌾 73.4%
Unknown (5193) ×476 · Unknown (7377) ×149 · Unknown (7329) ×28 · Unknown (3640) ×1 · Unknown (3641) ×1 · Unknown (3642) ×1
Feudal
10:55
Castillos
15:03
Imperial
28:35
| APM promedio | 21.5 |
| APM pico | 72 |
| eAPM promedio | 15.3 |
| Aldeanos / militares | 274 / 18 |
Foco
⚔️ 32.1% · 🌾 67.9%
Unknown (5178) ×564 · Unknown (7377) ×77 · Unknown (7329) ×28 · Trade Cart ×25 · Knight ×15 · Unknown (7320) ×15
Feudal
13:43
Castillos
23:06
Imperial
39:09
| APM promedio | 32.3 |
| APM pico | 203 |
| eAPM promedio | 26.7 |
| Aldeanos / militares | 281 / 1 |
Foco
⚔️ 27.2% · 🌾 72.8%
Unknown (5246) ×266 · Unknown (7377) ×193 · Unknown (7329) ×24 · Unknown (5414) ×12 · Unknown (3642) ×3 · Unknown (3641) ×2
Feudal
—
Castillos
—
Imperial
—
| APM promedio | 1070.9 |
| APM pico | 2923 |
| eAPM promedio | 1066.6 |
| Aldeanos / militares | 0 / 1412 |
Foco
⚔️ 43.9% · 🌾 56.1%
Archer ×273 · Berserk ×273 · Cannon Galleon ×227 · Battering Ram ×216 · Longboat ×156 · Galley ×132
Feudal
—
Castillos
—
Imperial
—
| APM promedio | 1176.3 |
| APM pico | 2848 |
| eAPM promedio | 1172.7 |
| Aldeanos / militares | 0 / 1189 |
Foco
⚔️ 34.5% · 🌾 65.5%
Hussite Wagon ×270 · Bombard Cannon ×269 · Battering Ram ×187 · Trebuchet (Packed) ×155 · Cannon Galleon ×146 · Galley ×90
Mapa de la partida
Recursos iniciales + cada clic de construcción. Líneas = muros · curvas = relieve. ◆ oro · ⬟ piedra · ● bayas · ✦ reliquia · ◌ hueco del cierre
Tu base· ✓ Cerrada en 13:34 · 0t muro · sin puerta
Base de werga· ✓ Cerrada en 15:20 · 0t muro · sin puerta
Base de Onnozel Trien· ✓ Cerrada en 22:45 · 159t muro · sin puerta
Base de papaton· ✓ Cerrada en 17:00 · 20t muro · sin puerta
Base de Виг Пенис· ✓ Cerrada en 15:03 · 0t muro · sin puerta
Base de W· ✓ Cerrada en 23:06 · 293t muro · sin puerta
Base de · Abierta — el rival se encerró
Base de · Abierta — el rival se encerró
Terreno inicial suavizado · ◌ = hueco del cierre detectado · pasá el cursor para detalles
Inputs por minuto
— Glory - - werga
Build order — Glory
Primeras 150 de 632 acciones detectadas
| 0:02 | Crear | Villager (Male) |
| 0:02 | Crear | Villager (Male) |
| 0:02 | Crear | Villager (Male) |
| 0:02 | Crear | Villager (Male) |
| 0:05 | Construir | House |
| 0:07 | Construir | House |
| 0:23 | Construir | Building 7341 |
| 1:19 | Investigar | Loom |
| 1:19 | Investigar | Loom |
| 1:37 | Crear | Villager (Male) |
| 1:37 | Crear | Villager (Male) |
| 1:37 | Crear | Villager (Male) |
| 2:10 | Investigar | Tech 4136 |
| 2:10 | Investigar | Tech 4136 |
| 2:28 | Crear | Villager (Male) |
| 2:29 | Crear | Villager (Male) |
| 2:29 | Crear | Villager (Male) |
| 2:42 | Crear | Villager (Male) |
| 2:42 | Crear | Villager (Male) |
| 3:09 | Crear | Villager (Male) |
| 3:09 | Crear | Villager (Male) |
| 3:09 | Crear | Villager (Male) |
| 3:09 | Crear | Villager (Male) |
| 3:49 | Crear | Villager (Male) |
| 3:49 | Crear | Villager (Male) |
| 3:49 | Crear | Villager (Male) |
| 3:50 | Crear | Villager (Male) |
| 4:11 | Construir | Lumber Camp |
| 4:25 | Crear | Villager (Male) |
| 4:25 | Crear | Villager (Male) |
| 4:25 | Crear | Villager (Male) |
| 4:25 | Crear | Villager (Male) |
| 4:45 | Construir | House |
| 5:15 | Crear | Villager (Male) |
| 5:20 | Crear | Villager (Male) |
| 5:45 | Crear | Villager (Male) |
| 5:54 | Investigar | Tech 4130 |
| 5:54 | Investigar | Tech 4130 |
| 6:05 | Construir | House |
| 6:08 | Construir | Mill |
| 6:27 | Crear | Villager (Male) |
| 6:56 | Crear | Villager (Male) |
| 7:19 | Construir | Mining Camp |
| 7:53 | Crear | Villager (Male) |
| 8:11 | Investigar | Feudal Age |
| 8:11 | Investigar | Feudal Age |
| 9:01 | Crear | Villager (Male) |
| 9:10 | Investigar | Tech 4129 |
| 9:11 | Investigar | Tech 4129 |
| 9:53 | Crear | Villager (Male) |
| 10:12 | Edad | Edad Feudal |
| 11:14 | Investigar | Castle Age |
| 11:14 | Investigar | Castle Age |
| 11:14 | Investigar | Castle Age |
| 11:35 | Construir | House |
| 11:41 | Construir | House |
| 11:53 | Investigar | Double-Bit Axe |
| 11:53 | Investigar | Double-Bit Axe |
| 12:42 | Crear | Villager (Male) |
| 12:52 | Investigar | Horse Collar |
| 13:34 | Edad | Edad de los Castillos |
| 13:36 | Construir | Monastery |
| 13:40 | Crear | Villager (Male) |
| 14:03 | Construir | Town Center |
| 14:10 | Crear | Villager (Male) |
| 14:15 | Crear | Monk |
| 14:32 | Construir | Market |
| 14:38 | Crear | Villager (Male) |
| 15:29 | Crear | Monk |
| 15:33 | Construir | Farm |
| 15:34 | Construir | Farm |
| 15:34 | Construir | Farm |
| 15:34 | Construir | Farm |
| 15:54 | Crear | Villager (Male) |
| 15:54 | Crear | Villager (Male) |
| 16:06 | Construir | Town Center |
| 16:26 | Crear | Villager (Male) |
| 16:26 | Crear | Villager (Male) |
| 16:34 | Construir | House |
| 16:35 | Construir | House |
| 16:38 | Construir | House |
| 16:46 | Construir | Monastery |
| 16:53 | Crear | Villager (Male) |
| 16:53 | Crear | Villager (Male) |
| 17:13 | Crear | Villager (Male) |
| 17:13 | Crear | Villager (Male) |
| 17:26 | Construir | Farm |
| 17:27 | Construir | Farm |
| 17:28 | Construir | Farm |
| 17:34 | Construir | Farm |
| 17:34 | Construir | Farm |
| 17:44 | Crear | Trade Cart |
| 17:49 | Crear | Villager (Male) |
| 17:50 | Crear | Villager (Male) |
| 17:50 | Crear | Villager (Male) |
| 17:59 | Construir | Farm |
| 17:59 | Construir | Farm |
| 18:00 | Construir | Farm |
| 18:00 | Construir | Farm |
| 18:13 | Investigar | Bow Saw |
| 18:13 | Investigar | Bow Saw |
| 18:25 | Construir | Farm |
| 18:31 | Crear | Villager (Male) |
| 18:31 | Crear | Villager (Male) |
| 18:31 | Crear | Villager (Male) |
| 18:40 | Crear | Monk |
| 18:46 | Crear | Villager (Male) |
| 18:46 | Crear | Villager (Male) |
| 18:48 | Construir | Farm |
| 18:48 | Construir | Farm |
| 18:48 | Construir | Farm |
| 18:49 | Construir | Farm |
| 18:49 | Construir | Farm |
| 19:13 | Crear | Villager (Male) |
| 19:13 | Crear | Villager (Male) |
| 19:13 | Crear | Villager (Male) |
| 19:13 | Crear | Villager (Male) |
| 19:20 | Construir | Farm |
| 19:20 | Construir | Farm |
| 19:23 | Investigar | Heavy Plow |
| 19:24 | Investigar | Heavy Plow |
| 19:29 | Crear | Villager (Male) |
| 19:33 | Construir | Farm |
| 19:34 | Construir | Farm |
| 19:34 | Construir | Farm |
| 19:34 | Construir | Farm |
| 19:35 | Construir | Farm |
| 19:38 | Crear | Villager (Male) |
| 19:50 | Crear | Villager (Male) |
| 20:02 | Crear | Villager (Male) |
| 20:02 | Crear | Villager (Male) |
| 20:02 | Crear | Villager (Male) |
| 20:06 | Crear | Villager (Male) |
| 20:06 | Crear | Villager (Male) |
| 20:06 | Crear | Villager (Male) |
| 20:16 | Construir | Farm |
| 20:16 | Construir | Farm |
| 20:16 | Construir | Farm |
| 20:16 | Construir | Farm |
| 20:17 | Construir | Farm |
| 20:17 | Construir | Farm |
| 20:18 | Construir | Farm |
| 20:18 | Construir | Farm |
| 20:18 | Construir | Farm |
| 20:19 | Construir | Farm |
| 20:19 | Construir | Farm |
| 20:19 | Construir | Farm |
| 20:20 | Crear | Villager (Male) |
| 20:20 | Crear | Villager (Male) |
| 20:23 | Crear | Villager (Male) |
Build order — werga
Primeras 150 de 494 acciones detectadas
| 0:01 | Crear | Villager (Male) ×4 |
| 0:05 | Construir | House |
| 0:07 | Construir | House |
| 0:30 | Construir | Lumber Camp |
| 1:42 | Crear | Villager (Male) |
| 2:02 | Investigar | Loom |
| 2:23 | Crear | Villager (Male) |
| 2:50 | Crear | Villager (Male) |
| 2:50 | Crear | Villager (Male) |
| 3:33 | Construir | House |
| 3:38 | Crear | Villager (Male) |
| 3:38 | Crear | Villager (Male) |
| 3:59 | Crear | Villager (Male) |
| 4:39 | Crear | Villager (Male) |
| 5:12 | Crear | Villager (Male) |
| 5:12 | Crear | Villager (Male) |
| 5:16 | Construir | Mill |
| 5:34 | Construir | House |
| 5:58 | Crear | Villager (Male) |
| 5:59 | Crear | Villager (Male) |
| 6:17 | Crear | Villager (Male) |
| 7:23 | Crear | Villager (Male) |
| 7:24 | Crear | Villager (Male) |
| 7:24 | Crear | Villager (Male) |
| 7:39 | Construir | House |
| 7:41 | Construir | House |
| 8:44 | Crear | Villager (Male) |
| 8:45 | Crear | Villager (Male) |
| 9:31 | Crear | Villager (Male) |
| 9:55 | Construir | Mining Camp |
| 10:20 | Investigar | Feudal Age |
| 11:47 | Crear | Villager (Male) |
| 11:51 | Crear | Villager (Male) |
| 12:10 | Edad | Edad Feudal |
| 12:13 | Construir | Market |
| 12:18 | Construir | Blacksmith |
| 12:42 | Construir | Lumber Camp |
| 12:51 | Investigar | Castle Age |
| 13:12 | Investigar | Double-Bit Axe |
| 13:54 | Construir | Lumber Camp |
| 13:58 | Investigar | Horse Collar |
| 14:55 | Construir | Farm |
| 14:56 | Construir | Farm |
| 15:00 | Construir | Farm |
| 15:03 | Construir | Farm |
| 15:08 | Construir | Farm |
| 15:11 | Construir | Farm |
| 15:20 | Edad | Edad de los Castillos |
| 15:21 | Crear | Villager (Male) |
| 15:21 | Crear | Villager (Male) |
| 15:24 | Construir | Town Center |
| 15:58 | Construir | Farm |
| 16:02 | Construir | Farm |
| 16:04 | Crear | Villager (Male) |
| 16:18 | Construir | House |
| 16:19 | Construir | House |
| 16:21 | Construir | House |
| 16:25 | Crear | Villager (Male) |
| 16:39 | Construir | Town Center |
| 16:53 | Construir | Farm |
| 16:59 | Crear | Villager (Male) |
| 17:07 | Construir | Farm |
| 17:09 | Crear | Villager (Male) |
| 17:17 | Construir | Farm |
| 17:22 | Crear | Villager (Male) |
| 17:29 | Construir | House |
| 17:30 | Construir | House |
| 17:31 | Construir | House |
| 17:33 | Construir | House |
| 17:38 | Crear | Villager (Male) |
| 17:42 | Construir | Farm |
| 17:44 | Construir | Farm |
| 17:58 | Crear | Villager (Male) |
| 18:04 | Construir | Farm |
| 18:07 | Construir | Farm |
| 18:12 | Crear | Villager (Male) |
| 18:23 | Crear | Villager (Male) |
| 18:28 | Construir | Farm |
| 18:31 | Crear | Villager (Male) |
| 18:38 | Crear | Villager (Male) |
| 18:43 | Construir | Farm |
| 18:44 | Construir | Farm |
| 18:45 | Construir | Farm |
| 18:49 | Construir | Farm |
| 18:50 | Construir | Farm |
| 18:52 | Construir | Farm |
| 18:56 | Crear | Villager (Male) |
| 18:56 | Crear | Villager (Male) |
| 18:56 | Crear | Villager (Male) |
| 19:03 | Construir | Farm |
| 19:11 | Crear | Villager (Male) |
| 19:24 | Crear | Villager (Male) |
| 19:25 | Crear | Villager (Male) |
| 19:30 | Construir | Farm |
| 19:31 | Construir | Farm |
| 19:35 | Construir | Farm |
| 19:37 | Construir | Farm |
| 19:39 | Crear | Villager (Male) |
| 19:48 | Crear | Villager (Male) |
| 19:48 | Crear | Villager (Male) |
| 19:52 | Construir | Farm |
| 19:55 | Construir | Farm |
| 20:00 | Crear | Villager (Male) |
| 20:01 | Crear | Villager (Male) |
| 20:11 | Crear | Villager (Male) |
| 20:12 | Crear | Villager (Male) |
| 20:29 | Crear | Villager (Male) |
| 20:29 | Crear | Villager (Male) |
| 20:31 | Crear | Villager (Male) |
| 20:38 | Investigar | Heavy Plow |
| 20:54 | Construir | Farm |
| 20:56 | Construir | Town Center |
| 21:00 | Crear | Villager (Male) |
| 21:01 | Crear | Villager (Male) |
| 21:02 | Crear | Villager (Male) |
| 21:16 | Investigar | Bow Saw |
| 21:19 | Crear | Villager (Male) |
| 21:20 | Crear | Villager (Male) |
| 21:22 | Construir | House |
| 21:24 | Construir | House |
| 21:24 | Construir | House |
| 21:25 | Construir | House |
| 21:26 | Construir | House |
| 21:27 | Construir | House |
| 21:37 | Construir | House |
| 21:38 | Construir | House |
| 21:39 | Construir | House |
| 21:42 | Construir | House |
| 21:43 | Construir | House |
| 21:44 | Construir | House |
| 21:45 | Construir | House |
| 21:47 | Crear | Villager (Male) ×5 |
| 21:57 | Construir | Farm |
| 21:59 | Construir | Farm |
| 22:05 | Crear | Villager (Male) |
| 22:17 | Investigar | Wheelbarrow |
| 22:18 | Investigar | Town Watch |
| 22:19 | Crear | Villager (Male) |
| 22:20 | Crear | Villager (Male) |
| 22:34 | Crear | Villager (Male) |
| 22:35 | Crear | Villager (Male) |
| 22:35 | Crear | Villager (Male) |
| 22:36 | Crear | Villager (Male) |
| 22:45 | Construir | Town Center |
| 22:51 | Construir | Farm |
| 22:53 | Construir | Farm |
| 22:54 | Construir | Farm |
| 22:55 | Construir | Farm |
| 22:56 | Construir | Farm |
| 23:02 | Crear | Villager (Male) ×5 |
Build order — Onnozel Trien
Primeras 150 de 526 acciones detectadas
| 0:11 | Construir | House |
| 0:12 | Crear | Villager (Male) |
| 0:13 | Crear | Villager (Male) |
| 0:13 | Crear | Villager (Male) |
| 0:13 | Crear | Villager (Male) |
| 0:37 | Construir | Building 7341 |
| 1:50 | Investigar | Tech 4136 |
| 1:56 | Construir | House |
| 2:29 | Construir | House |
| 2:50 | Investigar | Tech 4130 |
| 2:51 | Investigar | Tech 4129 |
| 3:04 | Crear | Villager (Male) |
| 3:04 | Crear | Villager (Male) |
| 3:05 | Crear | Villager (Male) |
| 3:52 | Crear | Villager (Male) |
| 5:22 | Crear | Villager (Male) |
| 5:22 | Crear | Villager (Male) |
| 5:22 | Crear | Villager (Male) |
| 5:23 | Crear | Villager (Male) |
| 5:23 | Crear | Villager (Male) |
| 5:26 | Investigar | Loom |
| 7:17 | Crear | Villager (Male) |
| 7:17 | Crear | Villager (Male) |
| 7:17 | Crear | Villager (Male) |
| 7:18 | Crear | Villager (Male) |
| 7:34 | Construir | Mill |
| 7:42 | Construir | House |
| 8:02 | Crear | Villager (Male) |
| 8:02 | Crear | Villager (Male) |
| 8:36 | Crear | Villager (Male) |
| 8:36 | Crear | Villager (Male) |
| 8:36 | Crear | Villager (Male) |
| 8:43 | Construir | Lumber Camp |
| 10:38 | Investigar | Feudal Age |
| 10:57 | Construir | Mining Camp |
| 11:02 | Crear | Villager (Male) |
| 11:02 | Crear | Villager (Male) |
| 12:00 | Construir | House |
| 12:01 | Construir | House |
| 12:03 | Construir | House |
| 12:04 | Construir | House |
| 12:37 | Edad | Edad Feudal |
| 12:45 | Investigar | Double-Bit Axe |
| 12:53 | Construir | Stone Wall |
| 13:23 | Investigar | Stone Mining |
| 13:24 | Investigar | Gold Mining |
| 13:28 | Crear | Villager (Male) |
| 13:29 | Crear | Villager (Male) |
| 13:50 | Construir | Farm |
| 13:52 | Construir | Farm |
| 13:54 | Construir | Farm |
| 13:57 | Construir | Farm |
| 14:01 | Construir | Farm |
| 14:31 | Construir | Stone Wall |
| 14:49 | Crear | Villager (Male) |
| 14:49 | Crear | Villager (Male) |
| 14:49 | Crear | Villager (Male) |
| 14:57 | Construir | Farm |
| 15:02 | Construir | Farm |
| 15:07 | Construir | Farm |
| 15:47 | Construir | Stone Wall |
| 16:06 | Construir | Market |
| 16:17 | Construir | Blacksmith |
| 16:42 | Crear | Villager (Male) |
| 16:42 | Crear | Villager (Male) |
| 16:42 | Crear | Villager (Male) |
| 16:43 | Crear | Villager (Male) |
| 16:43 | Crear | Villager (Male) |
| 17:00 | Construir | Stone Wall |
| 17:34 | Construir | Farm |
| 18:14 | Construir | Stone Wall |
| 18:56 | Construir | Farm |
| 19:02 | Construir | Farm |
| 19:12 | Crear | Villager (Male) |
| 19:28 | Construir | Stone Wall |
| 20:25 | Investigar | Castle Age |
| 20:58 | Crear | Villager (Male) |
| 20:59 | Crear | Villager (Male) |
| 20:59 | Crear | Villager (Male) |
| 20:59 | Crear | Villager (Male) |
| 20:59 | Crear | Villager (Male) |
| 20:59 | Crear | Villager (Male) |
| 21:42 | Construir | Stone Wall |
| 21:50 | Construir | Farm |
| 22:00 | Crear | Villager (Male) |
| 22:00 | Crear | Villager (Male) |
| 22:01 | Crear | Villager (Male) |
| 22:20 | Construir | House |
| 22:22 | Construir | House |
| 22:23 | Construir | House |
| 22:45 | Edad | Edad de los Castillos |
| 22:46 | Investigar | Bow Saw |
| 22:55 | Construir | University |
| 23:05 | Investigar | Gold Shaft Mining |
| 23:29 | Construir | Town Center |
| 24:00 | Construir | Farm |
| 24:50 | Construir | Town Center |
| 24:58 | Construir | House |
| 24:59 | Construir | House |
| 25:01 | Construir | House |
| 25:02 | Construir | House |
| 25:03 | Construir | House |
| 25:34 | Construir | Stone Wall |
| 25:47 | Construir | Stone Wall |
| 26:34 | Construir | Monastery |
| 27:17 | Investigar | Imperial Age |
| 27:40 | Construir | Town Center |
| 27:50 | Construir | House |
| 27:51 | Construir | House |
| 27:53 | Construir | House |
| 27:54 | Construir | House |
| 28:12 | Investigar | Wheelbarrow |
| 28:13 | Crear | Villager (Male) |
| 28:13 | Crear | Villager (Male) |
| 28:13 | Crear | Villager (Male) |
| 28:13 | Crear | Villager (Male) |
| 28:21 | Crear | Villager (Male) |
| 28:22 | Crear | Villager (Male) |
| 28:22 | Crear | Villager (Male) |
| 28:22 | Crear | Villager (Male) |
| 28:22 | Crear | Villager (Male) |
| 28:23 | Crear | Villager (Male) |
| 28:41 | Construir | Stone Wall |
| 29:17 | Crear | Villager (Male) |
| 29:17 | Crear | Villager (Male) |
| 29:18 | Crear | Villager (Male) |
| 29:18 | Crear | Villager (Male) |
| 29:19 | Crear | Villager (Male) |
| 29:19 | Crear | Villager (Male) |
| 29:30 | Construir | Farm |
| 29:34 | Construir | Farm |
| 29:36 | Construir | Farm |
| 29:48 | Crear | Villager (Male) |
| 29:48 | Crear | Villager (Male) |
| 29:49 | Crear | Villager (Male) |
| 29:49 | Crear | Villager (Male) |
| 29:54 | Construir | Farm |
| 29:55 | Construir | Farm |
| 29:56 | Construir | Farm |
| 29:57 | Edad | Edad Imperial |
| 29:57 | Construir | Farm |
| 29:59 | Construir | Farm |
| 30:35 | Construir | House |
| 30:37 | Construir | House |
| 30:38 | Construir | House |
| 30:39 | Construir | House |
| 30:44 | Investigar | Fervor |
| 30:55 | Crear | Monk |
| 31:09 | Construir | Stone Wall |
| 31:19 | Investigar | Fortified Wall (upgrade) |
Build order — papaton
Primeras 150 de 684 acciones detectadas
| 0:04 | Crear | Villager (Male) |
| 0:04 | Crear | Villager (Male) |
| 0:04 | Crear | Villager (Male) |
| 0:05 | Crear | Villager (Male) |
| 0:06 | Construir | House |
| 0:08 | Construir | Building 7341 |
| 0:37 | Investigar | Loom |
| 1:06 | Investigar | Tech 4130 |
| 1:31 | Crear | Villager (Male) |
| 2:09 | Crear | Villager (Male) |
| 2:13 | Construir | House |
| 2:23 | Crear | Villager (Male) |
| 2:55 | Crear | Villager (Male) |
| 2:55 | Crear | Villager (Male) |
| 3:56 | Crear | Villager (Male) |
| 3:56 | Crear | Villager (Male) |
| 3:57 | Crear | Villager (Male) |
| 3:57 | Crear | Villager (Male) |
| 4:14 | Crear | Villager (Male) |
| 4:17 | Construir | House |
| 4:39 | Crear | Villager (Male) |
| 5:32 | Construir | Palisade Wall |
| 5:33 | Crear | Villager (Male) |
| 5:39 | Investigar | Tech 4136 |
| 6:00 | Crear | Villager (Male) |
| 6:06 | Construir | Lumber Camp |
| 6:24 | Investigar | Tech 4129 |
| 6:27 | Construir | House |
| 6:40 | Crear | Villager (Male) |
| 7:03 | Crear | Villager (Male) |
| 7:18 | Construir | Mill |
| 7:54 | Crear | Villager (Male) |
| 7:55 | Crear | Villager (Male) |
| 7:55 | Crear | Villager (Male) |
| 7:55 | Crear | Villager (Male) |
| 8:00 | Construir | Mining Camp |
| 8:07 | Crear | Villager (Male) |
| 8:21 | Crear | Villager (Male) |
| 8:37 | Crear | Villager (Male) |
| 9:11 | Construir | House |
| 9:17 | Construir | Mining Camp |
| 9:50 | Crear | Villager (Male) |
| 10:10 | Crear | Villager (Male) |
| 10:13 | Construir | Farm |
| 10:14 | Construir | Farm |
| 10:15 | Construir | Farm |
| 10:35 | Crear | Villager (Male) |
| 10:52 | Construir | Farm |
| 11:12 | Investigar | Feudal Age |
| 11:12 | Investigar | Feudal Age |
| 11:17 | Construir | Farm |
| 12:01 | Construir | Farm |
| 12:02 | Construir | Farm |
| 12:09 | Construir | Farm |
| 12:10 | Construir | Farm |
| 12:20 | Construir | Farm |
| 12:34 | Crear | Villager (Male) |
| 12:35 | Crear | Villager (Male) |
| 13:04 | Edad | Edad Feudal |
| 13:16 | Construir | Market |
| 13:31 | Construir | Farm |
| 13:42 | Construir | House |
| 13:57 | Construir | Farm |
| 14:15 | Crear | Villager (Male) |
| 14:26 | Investigar | Castle Age |
| 14:44 | Construir | Farm |
| 15:05 | Investigar | Double-Bit Axe |
| 15:05 | Investigar | Double-Bit Axe |
| 16:00 | Investigar | Horse Collar |
| 16:37 | Crear | Villager (Male) |
| 16:38 | Crear | Villager (Male) |
| 17:00 | Edad | Edad de los Castillos |
| 17:03 | Construir | Town Center |
| 17:23 | Construir | House |
| 17:24 | Construir | House |
| 17:47 | Investigar | Wheelbarrow |
| 17:55 | Construir | House |
| 17:55 | Construir | House |
| 18:28 | Construir | Town Center |
| 18:32 | Crear | Villager (Male) |
| 18:35 | Crear | Villager (Male) |
| 18:42 | Construir | House |
| 18:43 | Construir | House |
| 18:50 | Crear | Villager (Male) |
| 18:51 | Crear | Villager (Male) |
| 18:57 | Investigar | Stone Mining |
| 18:59 | Crear | Villager (Male) |
| 19:02 | Crear | Villager (Male) |
| 19:17 | Construir | House |
| 19:18 | Construir | House |
| 19:19 | Crear | Villager (Male) |
| 19:37 | Crear | Villager (Male) |
| 19:48 | Crear | Villager (Male) |
| 19:52 | Crear | Villager (Male) |
| 19:59 | Crear | Villager (Male) |
| 20:06 | Crear | Villager (Male) |
| 20:10 | Construir | House |
| 20:11 | Construir | House |
| 20:12 | Crear | Villager (Male) |
| 20:22 | Construir | Town Center |
| 20:24 | Crear | Villager (Male) |
| 20:27 | Crear | Villager (Male) |
| 20:56 | Construir | Town Center |
| 21:01 | Construir | House |
| 21:02 | Construir | House |
| 21:03 | Construir | House |
| 21:04 | Crear | Villager (Male) |
| 21:06 | Crear | Villager (Male) |
| 21:09 | Crear | Villager (Male) |
| 21:18 | Construir | Farm |
| 21:20 | Investigar | Bow Saw |
| 21:20 | Investigar | Bow Saw |
| 21:20 | Investigar | Heavy Plow |
| 21:21 | Investigar | Heavy Plow |
| 21:21 | Crear | Villager (Male) |
| 21:24 | Crear | Villager (Male) |
| 21:30 | Construir | Farm |
| 21:32 | Crear | Villager (Male) |
| 21:38 | Crear | Villager (Male) |
| 21:43 | Crear | Villager (Male) |
| 21:51 | Construir | Farm |
| 21:52 | Crear | Villager (Male) |
| 21:59 | Construir | Farm |
| 22:01 | Crear | Villager (Male) |
| 22:07 | Crear | Villager (Male) |
| 22:10 | Construir | Farm |
| 22:11 | Crear | Villager (Male) |
| 22:14 | Crear | Villager (Male) |
| 22:16 | Crear | Villager (Male) |
| 22:21 | Crear | Villager (Male) |
| 22:29 | Construir | Farm |
| 22:29 | Construir | Farm |
| 22:31 | Crear | Villager (Male) |
| 22:34 | Crear | Villager (Male) |
| 22:35 | Construir | Farm |
| 22:45 | Crear | Villager (Male) |
| 22:48 | Crear | Villager (Male) |
| 22:57 | Construir | Town Center |
| 23:01 | Crear | Villager (Male) |
| 23:09 | Construir | Farm |
| 23:09 | Crear | Villager (Male) |
| 23:17 | Crear | Villager (Male) |
| 23:23 | Construir | Farm |
| 23:24 | Crear | Villager (Male) |
| 23:29 | Crear | Villager (Male) |
| 23:34 | Crear | Villager (Male) |
| 23:34 | Investigar | Hand Cart |
| 23:37 | Crear | Villager (Male) |
| 23:49 | Construir | Farm |
| 23:50 | Construir | Farm |
Build order — Виг Пенис
Primeras 150 de 669 acciones detectadas
| 0:04 | Construir | House |
| 0:06 | Construir | House |
| 0:07 | Crear | Villager (Male) ×4 |
| 0:07 | Crear | Villager (Male) ×4 |
| 1:28 | Crear | Villager (Male) |
| 1:29 | Crear | Villager (Male) |
| 1:52 | Construir | Lumber Camp |
| 2:06 | Crear | Villager (Male) |
| 2:06 | Crear | Villager (Male) |
| 2:24 | Crear | Villager (Male) |
| 2:25 | Crear | Villager (Male) |
| 2:45 | Crear | Villager (Male) |
| 2:45 | Crear | Villager (Male) |
| 3:07 | Crear | Villager (Male) |
| 3:30 | Construir | House |
| 3:38 | Crear | Villager (Male) |
| 3:38 | Crear | Villager (Male) |
| 3:58 | Construir | Mill |
| 4:20 | Crear | Villager (Male) |
| 4:20 | Crear | Villager (Male) |
| 5:05 | Crear | Villager (Male) |
| 5:05 | Crear | Villager (Male) |
| 5:05 | Crear | Villager (Male) |
| 5:05 | Crear | Villager (Male) |
| 5:06 | Crear | Villager (Male) |
| 5:12 | Construir | House |
| 5:31 | Construir | Lumber Camp |
| 5:40 | Crear | Villager (Male) |
| 5:40 | Crear | Villager (Male) |
| 5:40 | Crear | Villager (Male) |
| 6:05 | Crear | Villager (Male) |
| 6:05 | Crear | Villager (Male) |
| 6:22 | Crear | Villager (Male) |
| 6:25 | Crear | Villager (Male) |
| 6:25 | Crear | Villager (Male) |
| 6:26 | Crear | Villager (Male) |
| 6:44 | Crear | Villager (Male) |
| 6:44 | Crear | Villager (Male) |
| 7:26 | Construir | House |
| 7:51 | Construir | Mining Camp |
| 7:54 | Crear | Villager (Male) |
| 7:55 | Crear | Villager (Male) |
| 8:00 | Crear | Villager (Male) |
| 8:00 | Crear | Villager (Male) |
| 8:00 | Crear | Villager (Male) |
| 8:28 | Crear | Villager (Male) |
| 8:28 | Crear | Villager (Male) |
| 9:00 | Crear | Villager (Male) |
| 9:00 | Crear | Villager (Male) |
| 9:05 | Investigar | Feudal Age |
| 9:05 | Investigar | Feudal Age |
| 9:31 | Crear | Villager (Male) |
| 9:32 | Crear | Villager (Male) |
| 9:32 | Crear | Villager (Male) |
| 10:42 | Crear | Villager (Male) |
| 10:50 | Construir | Farm |
| 10:50 | Construir | Farm |
| 10:50 | Construir | Farm |
| 10:55 | Edad | Edad Feudal |
| 11:00 | Construir | Market |
| 11:05 | Construir | Blacksmith |
| 11:18 | Construir | Farm |
| 11:18 | Construir | Farm |
| 11:50 | Investigar | Loom |
| 12:00 | Construir | Farm |
| 12:02 | Construir | Farm |
| 12:02 | Construir | Farm |
| 12:24 | Construir | Farm |
| 12:43 | Investigar | Castle Age |
| 12:43 | Investigar | Castle Age |
| 13:33 | Investigar | Double-Bit Axe |
| 13:40 | Construir | House |
| 13:41 | Construir | House |
| 13:50 | Investigar | Horse Collar |
| 14:18 | Construir | Farm |
| 14:19 | Construir | Farm |
| 15:03 | Edad | Edad de los Castillos |
| 15:05 | Crear | Villager (Male) ×5 |
| 15:26 | Construir | Town Center |
| 15:34 | Crear | Villager (Male) |
| 16:06 | Construir | Monastery |
| 16:25 | Crear | Villager (Male) |
| 16:25 | Crear | Villager (Male) |
| 17:03 | Crear | Villager (Male) |
| 17:09 | Construir | Town Center |
| 17:15 | Crear | Villager (Male) |
| 17:23 | Construir | House |
| 17:29 | Crear | Monk |
| 17:29 | Crear | Monk |
| 17:32 | Construir | House |
| 17:45 | Crear | Villager (Male) |
| 17:55 | Construir | House |
| 18:18 | Construir | House |
| 18:26 | Crear | Villager (Male) ×5 |
| 18:38 | Construir | Farm |
| 18:40 | Crear | Villager (Male) |
| 18:44 | Crear | Villager (Male) |
| 18:47 | Crear | Villager (Male) |
| 18:55 | Crear | Villager (Male) ×5 |
| 19:04 | Construir | House |
| 19:06 | Construir | House |
| 19:30 | Construir | Farm |
| 19:31 | Construir | Farm |
| 19:31 | Construir | Farm |
| 19:32 | Construir | Farm |
| 19:35 | Investigar | Heavy Plow |
| 19:37 | Crear | Villager (Male) |
| 19:38 | Crear | Villager (Male) |
| 19:40 | Crear | Villager (Male) |
| 19:41 | Crear | Villager (Male) |
| 19:50 | Construir | House |
| 20:03 | Construir | Monastery |
| 20:20 | Crear | Villager (Male) |
| 20:20 | Crear | Villager (Male) |
| 20:20 | Crear | Villager (Male) |
| 20:21 | Crear | Villager (Male) |
| 20:21 | Crear | Villager (Male) |
| 20:21 | Crear | Villager (Male) |
| 20:34 | Construir | Monastery |
| 20:37 | Crear | Villager (Male) |
| 20:38 | Crear | Villager (Male) |
| 20:39 | Crear | Villager (Male) |
| 20:43 | Construir | Farm |
| 20:43 | Construir | Farm |
| 20:44 | Construir | Farm |
| 21:15 | Investigar | Gold Mining |
| 21:18 | Crear | Villager (Male) |
| 21:19 | Crear | Villager (Male) |
| 21:19 | Crear | Villager (Male) |
| 21:20 | Crear | Villager (Male) |
| 21:23 | Construir | Farm |
| 21:23 | Construir | Farm |
| 21:23 | Construir | Farm |
| 21:28 | Construir | Farm |
| 21:30 | Construir | Farm |
| 21:31 | Crear | Villager (Male) |
| 21:31 | Crear | Villager (Male) |
| 21:32 | Crear | Villager (Male) |
| 21:32 | Crear | Villager (Male) |
| 21:32 | Crear | Villager (Male) |
| 21:32 | Crear | Villager (Male) |
| 21:47 | Construir | House |
| 21:47 | Construir | House |
| 21:48 | Construir | House |
| 21:50 | Construir | House |
| 21:51 | Construir | House |
| 21:54 | Crear | Monk |
| 22:01 | Crear | Villager (Male) |
| 22:02 | Crear | Villager (Male) |
| 22:05 | Crear | Villager (Male) |
Build order — W
Primeras 150 de 924 acciones detectadas
| 0:03 | Crear | Villager (Male) |
| 0:03 | Crear | Villager (Male) |
| 0:03 | Crear | Villager (Male) |
| 0:08 | Construir | House |
| 0:16 | Construir | House |
| 0:29 | Crear | Villager (Male) |
| 1:29 | Crear | Villager (Male) |
| 1:46 | Construir | Lumber Camp |
| 2:01 | Crear | Villager (Male) |
| 2:28 | Crear | Villager (Male) |
| 2:29 | Crear | Villager (Male) |
| 2:52 | Investigar | Loom |
| 2:54 | Crear | Villager (Male) |
| 2:54 | Crear | Villager (Male) |
| 3:07 | Construir | House |
| 3:38 | Crear | Villager (Male) |
| 4:03 | Construir | Palisade Wall |
| 4:32 | Construir | Palisade Wall |
| 4:34 | Crear | Villager (Male) |
| 4:58 | Crear | Villager (Male) |
| 5:24 | Crear | Villager (Male) |
| 5:51 | Construir | Palisade Wall |
| 5:54 | Construir | Palisade Wall |
| 5:58 | Crear | Villager (Male) |
| 6:21 | Crear | Villager (Male) |
| 6:22 | Crear | Villager (Male) |
| 6:59 | Construir | House |
| 7:11 | Crear | Villager (Male) |
| 7:24 | Crear | Villager (Male) |
| 7:39 | Construir | Mill |
| 7:41 | Crear | Villager (Male) |
| 7:58 | Crear | Villager (Male) |
| 8:30 | Construir | Building 7341 |
| 8:55 | Crear | Villager (Male) |
| 9:16 | Crear | Villager (Male) |
| 9:21 | Construir | House |
| 9:29 | Construir | Mining Camp |
| 9:39 | Crear | Villager (Male) |
| 9:41 | Crear | Villager (Male) |
| 10:32 | Crear | Villager (Male) |
| 11:03 | Crear | Villager (Male) |
| 11:28 | Crear | Villager (Male) |
| 11:45 | Investigar | Feudal Age |
| 12:00 | Investigar | Tech 4129 |
| 12:56 | Construir | Mining Camp |
| 13:04 | Crear | Villager (Male) |
| 13:04 | Crear | Villager (Male) |
| 13:24 | Construir | House |
| 13:25 | Construir | House |
| 13:43 | Edad | Edad Feudal |
| 13:50 | Construir | Stone Wall |
| 13:53 | Construir | Stone Wall |
| 13:58 | Construir | Stone Wall |
| 14:00 | Construir | Stone Wall |
| 14:14 | Construir | Stone Wall |
| 14:16 | Crear | Villager (Male) |
| 14:23 | Investigar | Horse Collar |
| 14:24 | Investigar | Double-Bit Axe |
| 14:42 | Crear | Villager (Male) |
| 14:52 | Construir | Stone Wall |
| 14:53 | Construir | Stone Wall |
| 15:14 | Construir | Lumber Camp |
| 15:16 | Crear | Villager (Male) |
| 15:30 | Construir | Market |
| 15:37 | Crear | Villager (Male) |
| 15:52 | Crear | Villager (Male) |
| 16:08 | Construir | Stone Wall |
| 16:15 | Construir | Stone Wall |
| 16:16 | Construir | Stone Wall |
| 16:19 | Crear | Villager (Male) |
| 16:23 | Construir | House |
| 16:24 | Construir | House |
| 16:50 | Construir | Farm |
| 16:52 | Construir | Farm |
| 16:54 | Construir | Farm |
| 16:56 | Construir | Farm |
| 16:59 | Crear | Villager (Male) |
| 17:07 | Construir | Stone Wall |
| 17:24 | Crear | Villager (Male) |
| 17:28 | Construir | Farm |
| 17:31 | Construir | Farm |
| 17:33 | Crear | Villager (Male) |
| 17:36 | Construir | Farm |
| 17:47 | Construir | Farm |
| 17:58 | Construir | Farm |
| 18:15 | Construir | Stone Wall |
| 18:20 | Construir | Stone Wall |
| 18:22 | Construir | Stone Wall |
| 18:24 | Crear | Villager (Male) |
| 18:27 | Construir | Farm |
| 18:29 | Construir | Farm |
| 18:31 | Construir | Farm |
| 18:42 | Construir | Farm |
| 18:42 | Construir | Farm |
| 18:42 | Construir | Farm |
| 18:43 | Construir | Farm |
| 18:55 | Crear | Villager (Male) |
| 18:55 | Crear | Villager (Male) |
| 19:12 | Construir | Farm |
| 19:20 | Construir | Farm |
| 19:25 | Construir | Farm |
| 19:45 | Crear | Villager (Male) |
| 19:49 | Construir | Farm |
| 19:50 | Investigar | Wheelbarrow |
| 20:12 | Construir | Farm |
| 20:21 | Crear | Villager (Male) |
| 20:28 | Investigar | Castle Age |
| 20:53 | Crear | Villager (Male) |
| 20:53 | Crear | Villager (Male) |
| 21:14 | Construir | Stone Wall |
| 21:19 | Construir | Stone Wall |
| 21:30 | Construir | Stone Wall |
| 21:39 | Construir | Stone Wall |
| 23:06 | Edad | Edad de los Castillos |
| 23:15 | Construir | Town Center |
| 23:20 | Crear | Villager (Male) |
| 23:22 | Construir | Town Center |
| 23:26 | Construir | Town Center |
| 23:45 | Crear | Villager (Male) |
| 24:00 | Crear | Villager (Male) |
| 24:13 | Construir | House |
| 24:13 | Construir | House |
| 24:14 | Construir | House |
| 24:14 | Construir | House |
| 24:15 | Construir | House |
| 24:16 | Construir | House |
| 24:16 | Construir | House |
| 24:17 | Construir | House |
| 24:17 | Construir | House |
| 24:18 | Construir | House |
| 24:19 | Crear | Villager (Male) |
| 24:22 | Investigar | Wheelbarrow |
| 24:35 | Crear | Villager (Male) |
| 24:49 | Crear | Villager (Male) |
| 24:53 | Crear | Villager (Male) |
| 24:53 | Crear | Villager (Male) |
| 24:53 | Crear | Villager (Male) |
| 24:55 | Investigar | Bow Saw |
| 24:56 | Crear | Villager (Male) |
| 25:03 | Crear | Villager (Male) |
| 25:12 | Crear | Villager (Male) |
| 25:15 | Crear | Villager (Male) |
| 25:17 | Crear | Villager (Male) |
| 25:19 | Crear | Villager (Male) |
| 25:26 | Construir | Stone Wall |
| 25:33 | Construir | Stone Wall |
| 25:39 | Construir | Stone Wall |
| 25:40 | Crear | Villager (Male) |
| 25:42 | Crear | Villager (Male) |
| 25:48 | Crear | Villager (Male) |
Build order —
Primeras 150 de 2199 acciones detectadas
| 0:00 | Construir | House |
| 0:00 | Construir | House |
| 0:03 | Construir | House |
| 1:16 | Construir | Building 7341 |
| 2:56 | Investigar | Tech None |
| 4:01 | Construir | Lumber Camp |
| 4:02 | Construir | Mill |
| 4:11 | Construir | Outpost |
| 4:11 | Construir | House |
| 4:51 | Investigar | Tech None |
| 4:51 | Investigar | Tech None |
| 4:51 | Construir | Lumber Camp |
| 5:03 | Investigar | Tech None |
| 5:25 | Construir | House |
| 5:28 | Investigar | Tech None |
| 6:36 | Construir | House |
| 6:57 | Construir | Mining Camp |
| 6:58 | Construir | Farm |
| 7:17 | Investigar | Tech None |
| 8:46 | Construir | Lumber Camp |
| 8:57 | Construir | Market |
| 8:58 | Construir | Blacksmith |
| 8:59 | Construir | House |
| 9:28 | Investigar | Tech None |
| 9:41 | Investigar | Tech None |
| 9:55 | Investigar | Tech None |
| 9:56 | Investigar | Tech None |
| 9:57 | Construir | Lumber Camp |
| 10:01 | Investigar | Tech None |
| 10:04 | Construir | Farm |
| 10:05 | Construir | Farm |
| 10:17 | Construir | Farm |
| 10:33 | Construir | Farm |
| 10:39 | Construir | Farm |
| 11:41 | Construir | Farm |
| 12:08 | Investigar | Tech None |
| 12:08 | Investigar | Tech None |
| 12:08 | Investigar | Tech None |
| 12:08 | Construir | Siege Workshop |
| 12:08 | Investigar | Tech None |
| 12:08 | Construir | Building 5354 |
| 12:09 | Construir | Town Center |
| 12:10 | Construir | House |
| 12:17 | Investigar | Tech None |
| 12:25 | Construir | Farm |
| 12:35 | Construir | Farm |
| 13:04 | Construir | Siege Workshop |
| 13:16 | Construir | Farm |
| 13:46 | Construir | Town Center |
| 13:52 | Construir | Farm |
| 14:12 | Construir | Farm |
| 14:14 | Construir | Farm |
| 14:15 | Construir | Farm |
| 14:20 | Construir | Farm |
| 14:40 | Construir | Farm |
| 14:53 | Construir | Farm |
| 14:56 | Construir | Farm |
| 15:05 | Construir | Farm |
| 15:17 | Construir | Farm |
| 15:26 | Construir | Farm |
| 15:38 | Construir | Lumber Camp |
| 15:38 | Construir | Farm |
| 15:47 | Construir | Farm |
| 15:52 | Construir | Town Center |
| 16:05 | Construir | Farm |
| 16:13 | Construir | Monastery |
| 16:13 | Construir | Market |
| 16:15 | Investigar | Tech None |
| 16:16 | Construir | Mining Camp |
| 16:29 | Construir | House |
| 16:30 | Construir | House |
| 16:39 | Construir | Barracks |
| 16:42 | Construir | Farm |
| 16:56 | Construir | Farm |
| 17:02 | Construir | Farm |
| 17:11 | Construir | Farm |
| 17:14 | Construir | Market |
| 17:25 | Construir | Farm |
| 17:32 | Construir | Mining Camp |
| 17:33 | Construir | Farm |
| 17:34 | Construir | House |
| 17:36 | Construir | House |
| 17:39 | Investigar | Tech None |
| 17:44 | Construir | Farm |
| 17:53 | Construir | Farm |
| 17:55 | Investigar | Tech None |
| 17:59 | Construir | House |
| 18:03 | Construir | Archery Range |
| 18:05 | Construir | Farm |
| 18:07 | Investigar | Tech None |
| 18:16 | Construir | Farm |
| 18:25 | Construir | House |
| 18:26 | Construir | Farm |
| 18:34 | Construir | Archery Range |
| 18:35 | Construir | Farm |
| 18:47 | Construir | Farm |
| 18:47 | Construir | House |
| 18:48 | Construir | Farm |
| 18:49 | Investigar | Tech None |
| 18:56 | Construir | Farm |
| 19:04 | Construir | Archery Range |
| 19:09 | Construir | Farm |
| 19:11 | Construir | House |
| 19:15 | Construir | Mill |
| 19:18 | Construir | Farm |
| 19:29 | Construir | Farm |
| 19:37 | Construir | Farm |
| 19:37 | Construir | House |
| 19:40 | Construir | Lumber Camp |
| 19:49 | Construir | Archery Range |
| 19:52 | Construir | Farm |
| 19:53 | Construir | Farm |
| 20:11 | Construir | Farm |
| 20:13 | Construir | Farm |
| 20:34 | Construir | House |
| 20:35 | Investigar | Tech None |
| 20:35 | Investigar | Tech None |
| 20:35 | Construir | House |
| 20:36 | Investigar | Tech None |
| 20:36 | Investigar | Tech None |
| 20:37 | Construir | House |
| 20:37 | Construir | Farm |
| 20:40 | Construir | Farm |
| 20:44 | Construir | Farm |
| 20:49 | Investigar | Tech None |
| 20:50 | Construir | Mill |
| 20:54 | Construir | Farm |
| 20:58 | Construir | House |
| 21:03 | Construir | Farm |
| 21:04 | Construir | House |
| 21:06 | Investigar | Tech None |
| 21:09 | Construir | Barracks |
| 21:14 | Construir | Farm |
| 21:17 | Construir | House |
| 21:21 | Investigar | Tech None |
| 21:24 | Construir | Farm |
| 21:24 | Construir | House |
| 21:33 | Construir | Barracks |
| 21:35 | Construir | Farm |
| 21:42 | Construir | Barracks |
| 21:56 | Construir | Farm |
| 21:57 | Construir | Mill |
| 22:02 | Construir | University |
| 22:06 | Construir | Farm |
| 22:14 | Construir | Barracks |
| 22:17 | Construir | Farm |
| 22:26 | Construir | Barracks |
| 22:33 | Construir | Barracks |
| 22:38 | Construir | Market |
| 22:38 | Construir | Stable |
Build order —
Primeras 150 de 2044 acciones detectadas
| 0:00 | Construir | House |
| 0:00 | Construir | House |
| 0:03 | Construir | House |
| 1:16 | Construir | Building 7341 |
| 2:56 | Investigar | Tech None |
| 3:34 | Construir | Lumber Camp |
| 3:35 | Construir | Mill |
| 4:11 | Construir | House |
| 4:24 | Investigar | Tech None |
| 4:25 | Investigar | Tech None |
| 4:25 | Construir | Lumber Camp |
| 4:30 | Investigar | Tech None |
| 4:41 | Investigar | Tech None |
| 5:35 | Construir | House |
| 6:39 | Construir | Mining Camp |
| 6:58 | Investigar | Tech None |
| 6:59 | Construir | House |
| 8:38 | Construir | Farm |
| 8:38 | Construir | Market |
| 8:39 | Construir | Blacksmith |
| 9:09 | Investigar | Tech None |
| 9:09 | Investigar | Tech None |
| 9:42 | Investigar | Tech None |
| 9:42 | Construir | House |
| 9:42 | Investigar | Tech None |
| 9:43 | Investigar | Tech None |
| 9:51 | Construir | Farm |
| 9:52 | Construir | Farm |
| 9:53 | Construir | Farm |
| 9:54 | Construir | Farm |
| 11:26 | Construir | Market |
| 11:27 | Construir | Market |
| 11:48 | Investigar | Tech None |
| 11:48 | Investigar | Tech None |
| 11:48 | Investigar | Tech None |
| 11:48 | Construir | Siege Workshop |
| 11:48 | Investigar | Tech None |
| 11:48 | Construir | Building 5354 |
| 11:49 | Construir | Siege Workshop |
| 11:49 | Construir | Town Center |
| 11:58 | Investigar | Tech None |
| 12:09 | Construir | House |
| 13:04 | Construir | Town Center |
| 13:14 | Investigar | Tech None |
| 13:23 | Construir | Farm |
| 13:38 | Construir | Farm |
| 13:44 | Construir | Farm |
| 13:58 | Construir | Farm |
| 14:27 | Construir | Farm |
| 14:36 | Construir | Town Center |
| 14:43 | Construir | Farm |
| 14:46 | Construir | Farm |
| 14:47 | Construir | Farm |
| 14:54 | Construir | Farm |
| 14:59 | Construir | Farm |
| 15:09 | Construir | Farm |
| 15:13 | Construir | Farm |
| 15:18 | Construir | Farm |
| 15:29 | Construir | Farm |
| 15:40 | Construir | Farm |
| 15:52 | Construir | Farm |
| 15:57 | Construir | Town Center |
| 16:06 | Construir | Farm |
| 16:11 | Investigar | Tech None |
| 16:11 | Construir | Farm |
| 16:22 | Construir | Farm |
| 16:35 | Construir | Town Center |
| 16:43 | Construir | Town Center |
| 16:46 | Construir | House |
| 16:47 | Construir | House |
| 16:53 | Construir | Farm |
| 16:58 | Investigar | Tech None |
| 17:04 | Construir | Farm |
| 17:10 | Construir | House |
| 17:14 | Construir | Farm |
| 17:16 | Construir | Lumber Camp |
| 17:17 | Construir | House |
| 17:25 | Construir | Farm |
| 17:36 | Construir | Monastery |
| 17:36 | Construir | Monastery |
| 17:37 | Construir | Mining Camp |
| 17:38 | Construir | House |
| 17:40 | Construir | Farm |
| 17:52 | Construir | Barracks |
| 17:57 | Construir | Farm |
| 18:04 | Construir | Farm |
| 18:07 | Construir | Farm |
| 18:18 | Investigar | Tech None |
| 18:19 | Construir | Farm |
| 18:25 | Construir | Market |
| 18:28 | Construir | Farm |
| 18:34 | Construir | Mining Camp |
| 18:39 | Construir | Farm |
| 18:48 | Investigar | Tech None |
| 18:48 | Construir | House |
| 18:49 | Construir | Farm |
| 18:49 | Construir | House |
| 18:55 | Construir | Archery Range |
| 19:00 | Construir | Farm |
| 19:02 | Construir | Farm |
| 19:05 | Investigar | Tech None |
| 19:17 | Construir | Archery Range |
| 19:20 | Construir | Farm |
| 19:24 | Construir | Farm |
| 19:25 | Construir | Mill |
| 19:31 | Construir | House |
| 19:32 | Construir | House |
| 19:42 | Construir | Farm |
| 19:43 | Construir | Archery Range |
| 19:45 | Investigar | Tech None |
| 19:50 | Construir | Farm |
| 19:57 | Construir | Archery Range |
| 20:02 | Construir | Farm |
| 20:05 | Construir | Farm |
| 20:25 | Construir | House |
| 20:26 | Construir | Farm |
| 20:26 | Construir | House |
| 20:47 | Construir | Farm |
| 20:48 | Construir | Farm |
| 21:06 | Investigar | Tech None |
| 21:06 | Construir | House |
| 21:07 | Investigar | Tech None |
| 21:07 | Construir | Mining Camp |
| 21:08 | Construir | University |
| 21:09 | Construir | House |
| 21:10 | Construir | Stable |
| 21:11 | Construir | Stable |
| 21:15 | Construir | Barracks |
| 21:19 | Construir | Lumber Camp |
| 21:31 | Construir | Barracks |
| 21:39 | Construir | Barracks |
| 21:43 | Construir | Barracks |
| 21:54 | Construir | Barracks |
| 22:00 | Construir | Barracks |
| 22:05 | Construir | Stable |
| 22:08 | Construir | Stable |
| 22:11 | Construir | House |
| 22:12 | Construir | House |
| 22:13 | Construir | House |
| 22:17 | Investigar | Tech None |
| 22:27 | Construir | Stable |
| 22:31 | Construir | Castle |
| 22:34 | Construir | Archery Range |
| 22:34 | Investigar | Tech None |
| 22:41 | Construir | Farm |
| 22:42 | Construir | Mill |
| 22:43 | Construir | House |
| 22:45 | Construir | Mill |
| 22:56 | Construir | Farm |
| 23:16 | Construir | Archery Range |
Cronología de la partida
| 4:03 | W · wall_segment Palisade Wall x4 |
| 4:32 | W · wall_segment Palisade Wall x69 |
| 5:32 | papaton · wall_segment Palisade Wall x20 |
| 5:51 | W · wall_segment Palisade Wall x10 |
| 5:54 | W · wall_segment Palisade Wall x13 |
| 10:12 | Glory · age_up feudal |
| 10:55 | Виг Пенис · age_up feudal |
| 11:48 | · first_building Siege Workshop |
| 12:08 | · first_building Siege Workshop |
| 12:10 | werga · age_up feudal |
| 12:37 | Onnozel Trien · age_up feudal |
| 12:53 | Onnozel Trien · wall_segment Stone Wall x17 |
| 13:04 | papaton · age_up feudal |
| 13:34 | Glory · age_up castle |
| 13:36 | Glory · first_building Monastery |
| 13:43 | W · age_up feudal |
| 13:50 | W · wall_segment Stone Wall x8 |
| 13:53 | W · wall_segment Stone Wall x8 |
| 13:58 | W · wall_segment Stone Wall x58 |
| 14:00 | W · wall_segment Stone Wall x3 |
| 14:14 | W · wall_segment Stone Wall x5 |
| 14:31 | Onnozel Trien · wall_segment Stone Wall x18 |
| 14:52 | W · wall_segment Stone Wall x3 |
| 14:53 | W · wall_segment Stone Wall x12 |
| 15:03 | Виг Пенис · age_up castle |
| 15:20 | werga · age_up castle |
| 15:47 | Onnozel Trien · wall_segment Stone Wall x19 |
| 15:54 | Glory · first_market_buy 100 food |
| 16:06 | Виг Пенис · first_building Monastery |
| 16:08 | W · wall_segment Stone Wall x3 |
| 16:13 | · first_building Monastery |
| 16:15 | W · wall_segment Stone Wall x49 |
| 16:16 | W · wall_segment Stone Wall x2 |
| 16:25 | Glory · tribute_sent a jugador 1 |
| 16:25 | Glory · tribute_sent a jugador 3 |
| 16:25 | Glory · tribute_sent a jugador 4 |
| 16:25 | Glory · tribute_sent a jugador 5 |
| 16:25 | Glory · tribute_sent a jugador 6 |
| 16:25 | Glory · tribute_sent a jugador 7 |
| 16:25 | Glory · tribute_sent a jugador 8 |
| 16:39 | · first_building Barracks |
| 17:00 | Onnozel Trien · wall_segment Stone Wall x17 |
| 17:00 | papaton · age_up castle |
| 17:07 | W · wall_segment Stone Wall x6 |
| 17:27 | Onnozel Trien · first_market_buy 100 food |
| 17:36 | · first_building Monastery |
| 17:52 | · first_building Barracks |
| 18:03 | · first_building Archery Range |
| 18:08 | · first_market_buy 100 stone |
| 18:14 | Onnozel Trien · wall_segment Stone Wall x74 |
| 18:15 | W · wall_segment Stone Wall x1 |
| 18:16 | papaton · first_market_buy 100 wood |
| 18:20 | W · wall_segment Stone Wall x3 |
| 18:22 | W · wall_segment Stone Wall x19 |
| 18:55 | · first_building Archery Range |
| 19:28 | Onnozel Trien · wall_segment Stone Wall x19 |
| 19:52 | W · first_market_buy 100 food |
| 20:05 | · first_market_buy 100 food |
| 20:16 | · first_market_sell 100 wood |
| 20:37 | · first_market_sell 100 wood |
| 21:10 | · first_building Stable |
| 21:14 | W · wall_segment Stone Wall x7 |
| 21:19 | W · wall_segment Stone Wall x32 |
| 21:30 | W · wall_segment Stone Wall x9 |
| 21:39 | W · wall_segment Stone Wall x29 |
| 21:42 | Onnozel Trien · wall_segment Stone Wall x16 |
| 22:31 | · first_building Castle |
| 22:38 | · first_building Stable |
| 22:45 | Onnozel Trien · age_up castle |
| 23:03 | Glory · tribute_sent a jugador 1 |
| 23:03 | Glory · tribute_sent a jugador 3 |
| 23:03 | Glory · tribute_sent a jugador 4 |
| 23:03 | Glory · tribute_sent a jugador 5 |
| 23:03 | Glory · tribute_sent a jugador 6 |
| 23:03 | Glory · tribute_sent a jugador 7 |
| 23:03 | Glory · tribute_sent a jugador 8 |
| 23:06 | W · age_up castle |
| 24:33 | · first_building Castle |
| 24:38 | Glory · wall_segment Stone Wall x77 |
| 24:56 | · first_building Dock |
| 25:20 | · first_building Dock |
| 25:26 | W · wall_segment Stone Wall x6 |
| 25:33 | W · wall_segment Stone Wall x3 |
| 25:34 | Onnozel Trien · wall_segment Stone Wall x17 |
| 25:39 | W · wall_segment Stone Wall x57 |
| 25:47 | Onnozel Trien · wall_segment Stone Wall x51 |
| 26:34 | Onnozel Trien · first_building Monastery |
| 27:26 | W · wall_segment Stone Wall x16 |
| 27:44 | papaton · first_building Castle |
| 28:05 | Glory · age_up imperial |
| 28:30 | W · wall_segment Stone Wall x61 |
| 28:35 | Виг Пенис · age_up imperial |
| 28:41 | Onnozel Trien · wall_segment Stone Wall x19 |
| 28:45 | werga · first_building Castle |
| 28:50 | werga · first_building Barracks |
| 29:13 | Glory · first_market_sell 500 food |
| 29:57 | Onnozel Trien · age_up imperial |
| 30:11 | W · wall_segment Stone Wall x12 |
| 30:25 | W · wall_segment Stone Wall x1 |
| 30:40 | W · wall_segment Stone Wall x34 |
| 30:53 | W · wall_segment Stone Wall x6 |
| 31:09 | Onnozel Trien · wall_segment Stone Wall x19 |
| 31:12 | Виг Пенис · first_building Castle |
| 31:15 | Виг Пенис · first_building Barracks |
| 31:18 | werga · first_building Archery Range |
| 31:23 | werga · first_building Stable |
| 31:28 | werga · first_building Siege Workshop |
| 31:35 | papaton · first_building Barracks |
| 31:45 | Onnozel Trien · first_building Castle |
| 31:57 | Glory · first_building Castle |
| 32:09 | papaton · age_up imperial |
| 32:32 | W · wall_segment Stone Wall x11 |
| 32:33 | W · wall_segment Stone Wall x1 |
| 32:34 | werga · age_up imperial |
| 32:44 | papaton · first_building Archery Range |
| 32:49 | papaton · first_building Stable |
| 33:11 | Виг Пенис · first_building Stable |
| 33:41 | Onnozel Trien · wall_segment Stone Wall x18 |
| 34:14 | Glory · first_building Barracks |
| 34:30 | W · first_building Castle |
| 34:43 | Виг Пенис · first_market_buy 100 stone |
| 34:46 | W · wall_segment Stone Wall x11 |
| 35:00 | W · wall_segment Stone Wall x24 |
| 35:03 | W · wall_segment Stone Wall x5 |
| 35:04 | W · wall_segment Stone Wall x1 |
| 35:08 | W · wall_segment Stone Wall x60 |
| 35:22 | W · wall_segment Stone Wall x1 |
| 35:41 | W · first_market_sell 100 food |
| 35:44 | Glory · wall_segment Stone Wall x72 |
| 35:47 | Glory · wall_segment Stone Wall x3 |
| 35:48 | Glory · wall_segment Stone Wall x4 |
| 35:52 | Glory · wall_segment Stone Wall x31 |
| 36:16 | Glory · first_building Stable |
| 36:19 | Glory · first_building Siege Workshop |
| 36:25 | Onnozel Trien · wall_segment Stone Wall x17 |
| 36:37 | Onnozel Trien · wall_segment Stone Wall x50 |
| 36:42 | W · wall_segment Stone Wall x11 |
| 36:51 | W · wall_segment Stone Wall x18 |
| 37:02 | W · wall_segment Stone Wall x40 |
| 38:06 | W · wall_segment Stone Wall x10 |
| 38:14 | W · wall_segment Stone Wall x2 |
| 38:23 | werga · first_market_sell 500 food |
| 38:44 | W · wall_segment Stone Wall x28 |
| 39:09 | W · age_up imperial |
| 39:33 | papaton · tribute_sent a jugador 1 |
| 39:33 | papaton · tribute_sent a jugador 2 |
| 39:33 | papaton · tribute_sent a jugador 3 |
| 39:33 | papaton · tribute_sent a jugador 5 |
| 39:33 | papaton · tribute_sent a jugador 6 |
| 39:33 | papaton · tribute_sent a jugador 7 |
| 39:33 | papaton · tribute_sent a jugador 8 |
| 40:34 | W · wall_segment Stone Wall x12 |
| 41:05 | Onnozel Trien · wall_segment Stone Wall x20 |
| 41:06 | W · wall_segment Stone Wall x61 |
| 42:26 | W · wall_segment Stone Wall x11 |
| 44:03 | W · wall_segment Stone Wall x12 |
| 44:29 | Onnozel Trien · first_market_sell 500 food |
| 45:04 | papaton · first_market_sell 500 food |
| 45:05 | W · wall_segment Stone Wall x10 |
| 45:19 | Glory · tribute_sent a jugador 1 |
| 45:19 | Glory · tribute_sent a jugador 3 |
| 45:19 | Glory · tribute_sent a jugador 4 |
| 45:19 | Glory · tribute_sent a jugador 5 |
| 45:19 | Glory · tribute_sent a jugador 6 |
| 45:19 | Glory · tribute_sent a jugador 7 |
| 45:19 | Glory · tribute_sent a jugador 8 |
| 46:38 | W · wall_segment Stone Wall x13 |
| 47:15 | Onnozel Trien · wall_segment Stone Wall x28 |
| 49:20 | W · wall_segment Stone Wall x11 |
| 49:37 | papaton · first_building Siege Workshop |
| 50:29 | Onnozel Trien · wall_segment Stone Wall x25 |
| 50:41 | W · wall_segment Stone Wall x9 |
| 50:43 | W · wall_segment Stone Wall x1 |
| 60:00 | W · first_building Monastery |
| 68:33 | W · first_building Barracks |
| 81:02 | Glory · tribute_sent a jugador 1 |
| 81:02 | Glory · tribute_sent a jugador 3 |
| 81:02 | Glory · tribute_sent a jugador 4 |
| 81:02 | Glory · tribute_sent a jugador 5 |
| 81:02 | Glory · tribute_sent a jugador 6 |
| 81:02 | Glory · tribute_sent a jugador 7 |
| 81:02 | Glory · tribute_sent a jugador 8 |
| 84:02 | Виг Пенис · first_market_sell 500 stone |
| 88:52 | werga · first_building Dock |
[ ANÁLISIS IA · 1 CRÉDITO ]
¿Qué pasó realmente en esta partida?
Wolo.gg analiza cada decisión: build order, eco, micro, errores típicos por bracket. Análisis personalizado por WhatsApp o Discord en 30 segundos.
Guía civ
Jemeres
Guía mapa
MBA Trio Stone Lanes Fix (Custom)
Perfil
Jugador #1089721